 Dungeon Crawl Stone Soup version 0.28-a0-21-gf74fda8 (webtiles) character file.

Game seed: 3902833513568692362

39348 Illumine the Impaler (level 14, 0/108 HPs)
             Began as a Merfolk Gladiator on July 25, 2021.
             Was a High Priest of Hepliaklqana.
             Slain by a chaos spawn (9 damage)
             ... summoned by an orc sorcerer
             ... while paralysed by an orc sorcerer
             ... on level 2 of the Orcish Mines on July 26, 2021.
             The game lasted 00:45:16 (22751 turns).

Illumine the Impaler (Merfolk Gladiator)           Turns: 22751, Time: 00:45:16

Health: 0/108      AC: 17    Str: 18    XL:     14   Next: 6%
Magic:  23/23      EV:  2    Int: 13    God:    Hepliaklqana [*****.]
Gold:   1430       SH:  0    Dex: 17    Spells: 25/26 levels left

rFire   + + .      SeeInvis +   C - +0 glaive
rCold   + + +      Faith    +   (shield currently unavailable)
rNeg    . . .      Spirit   .   Y - +0 scale mail of Winter {rC++ SInv}
rPois   .          Reflect  .   c - +0 helmet
rElec   .          Harm     .   z - scarf {rC+ rF+}
rCorr   .          Rampage  .   O - +2 pair of gloves
Will    +....                   b - +0 pair of boots
Stlth   ..........              v - amulet of faith
HPRegen 0.28/turn               i - ring "Soph" {rF+ Int+6}
MPRegen 0.18/turn               t - +4 ring of protection

@: confused, paralysed, lethally poisoned (0 -> -4), studying Fighting
A: reduced essence, (nimble swimmer 2), mertail
a: Renounce Religion, Recall Ancestor, Ancestor Identity, Transference, Idealise


You were on level 2 of the Orcish Mines.
You worshipped Hepliaklqana.
Hepliaklqana was extremely pleased with you.
You visited 4 branches of the dungeon, and saw 20 of its levels.
You also visited: Sewer.

You collected 1430 gold pieces.

Inventory:

Hand Weapons
 o - a +0 hunting sling
 C - a +0 glaive (weapon)
 R - the +7 trident of Wukipaej {vorpal, *Corrode Int+4 Dex+2}
   (You found it on level 7 of the Dungeon)

   It inflicts extra damage upon your enemies.
   Int:       It affects your intelligence (+4).
   Dex:       It affects your dexterity (+2).
   *Corrode:  It may corrode you when you take damage.
 X - a +1 scimitar of flaming
Missiles
 p - 484 stones (quivered)
 r - 7 curare-tipped darts
 L - 68 sling bullets
 U - a throwing net
Armour
 b - a +0 pair of boots (worn)
 c - a +0 helmet (worn)
 f - a +0 buckler
 z - a scarf of resistance (worn)
 O - a +2 pair of gloves (worn)
 W - +0 fire dragon scales
 Y - the +0 scale mail of Winter (worn) {rC++ SInv}
   (You found it on level 1 of the Lair of Beasts)

   rC:        It greatly protects you from cold.
   SInv:      It lets you see invisible.
Jewellery
 e - a +6 ring of intelligence
 i - the ring "Soph" (left hand) {rF+ Int+6}
   (You acquired it on level 6 of the Dungeon)

   [ring of intelligence]

   Int:       It affects your intelligence (+6).
   rF:        It protects you from fire.
 l - a ring of flight
 t - a +4 ring of protection (right hand)
 u - an amulet of magic regeneration
 v - an amulet of faith (around neck)
 B - a ring of resist corrosion
 S - a ring of positive energy
Wands
 a - a wand of charming (9)
 x - a wand of iceblast (5)
 A - a wand of mindburst (29)
 M - a wand of paralysis (5)
 N - a wand of flame (61)
 T - a wand of acid (5)
Scrolls
 h - a scroll of enchant armour
 j - 3 scrolls of enchant weapon
 m - 2 scrolls of brand weapon
 q - 2 scrolls of amnesia
 y - a scroll of magic mapping
 G - a scroll of immolation
 H - 2 scrolls of teleportation
 J - 2 scrolls of vulnerability {unknown}
 K - a scroll of blinking {unknown}
 P - a scroll of holy word {unknown}
 Q - a scroll of torment {unknown}
 V - a scroll of summoning {unknown}
 Z - a scroll of silence {unknown}
Potions
 g - 3 potions of brilliance
 k - 2 potions of haste
 n - 2 potions of magic
 s - a potion of flight
 D - a potion of ambrosia
 E - a potion of heal wounds
 F - a potion of curing
 I - a potion of mutation
Miscellaneous
 w - a condenser vane (inert)


   Skills:
 + Level 14.1 Fighting
 * Level 16.0 Polearms
 - Level 2.0 Throwing
 + Level 5.4 Armour
 + Level 13.2 Dodging
 - Level 4.0 Shields
 + Level 6.6 Spellcasting
 + Level 7.9 Invocations
 + Level 8.4 Evocations


You had 25 spell levels left.
You knew the following spells:

 Your Spells              Type           Power      Damage    Failure   Level
a - Apportation           Tloc           8%         N/A       43%         1

Your spell library contained the following spells:

 Spells                   Type           Power      Damage    Failure   Level
 Foxfire                  Conj/Fire      16%        2x1d4     43%         1
 Passwall                 Tmut/Erth      3%         N/A       56%         2
 Slow                     Hex            4%         N/A       56%         2
 Sublimation of Blood     Necr           2%         N/A       56%         2
 Wereblood                Tmut           4%         N/A       56%         2
 Confusing Touch          Hex            4%         N/A       80%         3
 Conjure Flame            Conj/Fire      4%         6-21      80%         3
 Inner Flame              Hex/Fire       4%         N/A       80%         3
 Ozocubu's Armour         Ice            4%         N/A       80%         3
 Portal Projectile        Hex/Tloc       8%         N/A       80%         3
 Swiftness                Air            4%         N/A       80%         3
 Tukima's Dance           Hex            4%         N/A       80%         3
 Passage of Golubria      Tloc           N/A        N/A       99%         4
 Alistair's Intoxication  Tmut/Pois      2%         N/A       100%        5
 Blade Hands              Tmut           2%         N/A       100%        5
 Excruciating Wounds      Necr           2%         N/A       100%        5
 Fireball                 Conj/Fire      2%         3d4       100%        5
 Iskenderun's Battlesphe  Conj           4%         2d6       100%        5
 Yara's Violent Unravell  Hex/Tmut       2%         3d3       100%        5
 Conjure Ball Lightning   Conj/Air       2%         3x3d6     100%        6
 Invisibility             Hex            2%         N/A       100%        6
 Orb of Destruction       Conj           2%         9d1       100%        7
 Ozocubu's Refrigeration  Ice            2%         4d5       100%        7
 Summon Hydra             Summ           2%         N/A       100%        7


Dungeon Overview and Level Annotations

Branches:
Dungeon (12/15)            Temple (1/1) D:4            Lair (5/6) D:11
 Shoals (0/4) Lair:4       Spider (0/4) Lair:3          Orc (2/2) D:9
    Elf (0/3) Orc:2         Sewer (visited)
  Slime: Lair:5-6

Altars:
Ashenzari
Cheibriados
Dithmenos
Elyvilon
Fedhas
Gozag
Hepliaklqana
Kikubaaqudgha
Makhleb
Nemelex Xobeh
Okawaru
Qazlal
Ru
Sif Muna
Trog
Uskayaw
Vehumet
Wu Jian
Xom
Yredelemnul
Zin
The Shining One

Shops:
D:10 *

Portals:
Trove: D:10 (give 7 scrolls of fog)

Annotations:
Lair:2 exclusion: orange crystal statue
Lair:5 Nessos


Innate Abilities, Weirdness & Mutations

Your life essence is reduced to manifest your ancestor. (-10% HP)
((You are quick and stealthy near water. (Stealth+, EV+, Speed+++)))
Your lower body shifts to a powerful aquatic tail in water.


Message History

The orc wizard hits you but does no damage.
The chaos spawn hits you. The chaos spawn shocks you!
* * * LOW HITPOINT WARNING * * *
Wenzel hits the orange demon with a +0 flail.
Wenzel blocks the orange demon's attack.
The orange demon closely misses Wenzel.
The ice devil hits you.
* * * LOW HITPOINT WARNING * * *
The ice devil freezes you. You resist.
* * * LOW HITPOINT WARNING * * *
You feel sick.
The orc shouts!
The orc sorcerer hits you but does no damage.
The ogre mage hits you but does no damage.
The orc wizard hits you but does no damage.
The chaos spawn gores you but does no damage.
Wenzel hits the orange demon with a +0 flail!
Wenzel blocks the orange demon's attack.
The orange demon hits Wenzel.
The ice devil hits you but does no damage.
You feel sick.
The orc sorcerer hits you with a +0 dagger.
* * * LOW HITPOINT WARNING * * *
The ogre mage hits you with a +0 whip.
* * * LOW HITPOINT WARNING * * *
The orc wizard hits you with a +0 dagger.
* * * LOW HITPOINT WARNING * * *
The chaos spawn gores you but does no damage.
Wenzel hits the orange demon with a +0 flail!
The orange demon dies!
The ice devil hits you.
* * * LOW HITPOINT WARNING * * *
The ice devil freezes you. You resist.
* * * LOW HITPOINT WARNING * * *
You feel sick.
The orc sorcerer hits you but does no damage.
An orc comes into view. It is wielding a +0 dagger.
The ogre mage hits you but does no damage.
The orc wizard hits you but does no damage.
The chaos spawn gores you!
You die...

.......^≈≈##
....)...≈≈# #.o§#
........≈§## ...≈#
.......#≈≈≈# ...§#
##..##.≈##≈### ...≈#
##..##.≈##§§≈####(..≈#
.[......≈≈≈§§≈≈≈.R..≈#
[........§§....4oo..≈#
..[..........))4@8..≈#
................O...≈#
........≈≈≈≈≈≈≈≈....≈#
##..##.≈##§≈≈####..§§#
##..##.§##≈### o..≈#
...^..##§§≈# ...§#
........§≈## ...≈#
.......§≈§# #..≈#
........§≈##


You could see the friendly Wenzel the knight, an ogre mage (invisible), an ice
devil (summoned), a chaos spawn (summoned), an orc sorcerer, an orc wizard and 2
orcs.

Vanquished Creatures
  6 hydras
  A two-headed ogre (D:9)
  2 death yaks
  Joseph (D:7)
  An elephant (D:11)
  2 cyclopes (D:11)
  2 black mambas (Lair:2)
  A merfolk siren (Lair:4)
  3 cane toads
  An unseen horror (D:10)
  A merfolk (Lair:4)
  A hornet (D:7)
  A troll (D:6)
  A queen bee (D:7)
  6 blink frogs
  2 slime creatures (D:8)
  2 shadows
  A tarantella (Lair:3)
  A vampire (D:11)
  25 yaks
  A wyvern (D:8)
  2 fire bats (Lair:4)
  2 basilisks (D:11)
  A steam dragon (D:9)
  Menkaure (D:7)
  Edmund (Temple)
  7 water moccasins
  8 orc warriors
  A necrophage (D:4)
  A sky beast (D:6)
  2 black bears
  4 ogres
  4 centaurs
  A phantom (D:5)
  2 kobold brigands (D:9)
  2 scorpions
  7 bullfrogs
  17 killer bees
  2 electric eels (Lair:1)
  15 wights
  A howler monkey (D:8)
  A bullfrog zombie (D:6)
  2 gnoll shamans
  2 centaur zombies
  5 hounds
  6 orc priests
  2 jellies
  Jessica (D:3)
  6 iguanas
  14 orc wizards
  A killer bee zombie (D:7)
  6 gnolls
  8 adders
  A shadow imp (D:4)
  A white imp (D:4)
  2 ufetubi (D:6)
  An adder skeleton (D:4)
  9 dart slugs
  23 orcs
  A bat (D:1)
  6 endoplasms (D:1)
  8 giant cockroaches
  7 hobgoblins
  10 jackals
  9 kobolds
  9 quokkas
  9 ball pythons
  10 frilled lizards
  4 goblins
  3 rats
310 creatures vanquished.

Vanquished Creatures (collateral kills)
  A fire dragon (D:11)
  Erica (D:11)
  Erolcha (Orc:1)
  A vault guard (D:10)
  3 death yaks (Lair:3)
  The ghost of waywinkle the Magician, a novice GnAE (D:7)
  2 orc sorcerers (Orc:2)
  A merfolk siren (Lair:4)
  A manticore (D:11)
  A black mamba (Lair:1)
  A torpor snail (Lair:4)
  2 cane toads
  2 komodo dragons
  3 rime drakes
  An unseen horror (D:10)
  A merfolk (Lair:4)
  2 trolls
  4 blink frogs
  A slime creature (D:8)
  A wraith (D:9)
  2 basilisks
  A fire bat (Lair:4)
  22 yaks
  5 water moccasins
  3 orc warriors
  2 bullfrogs
  A scorpion (Lair:2)
  4 killer bees
  A wight (D:10)
  A howler monkey (D:8)
  3 lava snakes (Lair:2)
  3 orc wizards (Orc:2)
  9 orcs
  2 kobolds (D:9)
90 creatures vanquished.

Vanquished Creatures (others)
  Sigmund (D:4)
  A killer bee (D:7)
  5 ancestors
  7 knights
  An orc (D:4)
  13 fungi
  26 plants
54 creatures vanquished.

Grand Total: 454 creatures vanquished

Notes
Turn   | Place    | Note
-------+----------+-------------------------------------------
     0 | D:1      | Illumine the Merfolk Gladiator began the quest for the Orb.
     0 | D:1      | Reached XP level 1. HP: 16/16 MP: 1/1
   201 | D:1      | Reached XP level 2. HP: 23/23 MP: 2/2
   456 | D:1      | Reached skill level 5 in Polearms
   622 | D:1      | Reached XP level 3. HP: 20/28 MP: 3/3
  1329 | D:2      | Reached skill level 1 in Shields
  2355 | D:3      | Reached XP level 4. HP: 25/34 MP: 4/4
  2539 | D:3      | Noticed Jessica
  2544 | D:3      | Killed Jessica
  2545 | D:3      | Reached skill level 6 in Polearms
  3386 | D:4      | Reached XP level 5. HP: 41/41 MP: 5/5
  3418 | D:4      | Reached skill level 5 in Dodging
  3589 | D:4      | Noticed Sigmund
  3686 | D:4      | Reached XP level 6. HP: 46/47 MP: 6/6
  3706 | D:4      | Killed Sigmund
  3707 | D:4      | Reached skill level 7 in Polearms
  3888 | D:4      | Noticed an orc warrior
  4167 | D:4      | Killed an orc warrior
  4168 | D:4      | Reached skill level 8 in Polearms
  4168 | D:4      | Reached XP level 7. HP: 54/54 MP: 7/7
  4423 | D:4      | Found a staircase to the Ecumenical Temple.
  4432 | Temple   | Entered the Ecumenical Temple
  4617 | D:4      | Noticed Edmund
  4673 | Temple   | Killed Edmund
  4842 | Temple   | Reached skill level 9 in Polearms
  5117 | Temple   | Reached XP level 8. HP: 35/61 MP: 8/8
  5495 | D:4      | Found a shimmering blue altar of Sif Muna.
  5717 | D:5      | Entered Level 5 of the Dungeon
  5730 | D:4      | Reached skill level 5 in Fighting
  6077 | D:5      | Reached skill level 10 in Polearms
  6132 | D:5      | You fall into a shaft and drop 1 floor!
  6192 | D:6      | Identified 2 scrolls of acquirement
  6192 | D:6      | Acquired a manual of Fighting
  6193 | D:6      | Acquired the ring "Soph" {rF+ Int+6}
  6218 | D:6      | Reached skill level 11 in Polearms
  6223 | D:6      | Noticed a troll
  6232 | D:6      | Reached XP level 9. HP: 35/69 MP: 9/9
  6248 | D:6      | Killed a troll
  6254 | D:6      | HP: 3/106 [sky beast (5)]
  6272 | D:6      | HP: 2/106 [scorpion (5)]
  6693 | D:6      | Reached skill level 12 in Polearms
  6700 | D:6      | Found a glowing drain.
  6716 | Sewer    | Entered a sewer
  7215 | D:5      | Reached skill level 1 in Evocations
  8486 | D:6      | Upgraded the game from 0.28-a0-10-g964c8b8 to
                  | 0.28-a0-21-gf74fda8
  8604 | D:6      | Found a bloodstained altar of Trog.
  8610 | D:6      | Found a hazy altar of Hepliaklqana.
  8610 | D:6      | Found a broken altar of Ashenzari.
  8610 | D:6      | Found a white marble altar of Elyvilon.
  8615 | D:6      | Became a worshipper of Hepliaklqana the Forgotten
  8621 | D:6      | Found a glowing silver altar of Zin.
  8626 | D:6      | Found a shadowy altar of Dithmenos.
  9062 | D:7      | Reached skill level 13 in Polearms
  9114 | D:7      | Reached XP level 10. HP: 79/82 MP: 10/10
  9173 | D:7      | Found a transporter.
  9173 | D:7      | Noticed waywinkle's ghost (novice GnAE)
  9177 | D:7      | Found a transporter.
  9354 | D:7      | Noticed Menkaure
  9368 | D:7      | Killed Menkaure
  9660 | D:7      | Noticed Joseph
  9682 | D:7      | Killed Joseph
 10150 | D:8      | Reached * piety under Hepliaklqana
 10431 | D:8      | Reached skill level 14 in Polearms
 10449 | D:8      | Reached skill level 10 in Dodging
 10583 | D:8      | Reached skill level 1 in Invocations
 10591 | D:8      | Reached skill level 1 in Spellcasting
 10985 | D:8      | Reached skill level 10 in Fighting
 10985 | D:8      | Reached skill level 1 in Armour
 11196 | D:8      | Learned a level 1 spell: Apportation
 11284 | D:8      | Noticed a deep elf pyromancer
 11764 | D:9      | Noticed a two-headed ogre
 11826 | D:9      | Found a staircase to the Orcish Mines.
 11835 | D:9      | Reached XP level 11. HP: 81/81 MP: 12/14
 11914 | D:9      | Killed a two-headed ogre
 12039 | D:9      | Reached ** piety under Hepliaklqana
 12041 | D:9      | Remembered your ancestor Wenzel as a knight
 12081 | D:10     | Entered Level 10 of the Dungeon
 12175 | D:10     | Found Tiprof's Assorted Antiques.
 12542 | D:10     | Noticed a vault guard
 12563 | D:10     | HP: 4/82 [vault guard (15)]
 12563 | D:10     | Killed a vault guard
 12564 | D:10     | Reached skill level 5 in Evocations
 12909 | D:10     | Found a portal to a secret trove of treasure.
 13040 | D:11     | Found a staircase to the Lair.
 13494 | D:7      | Killed waywinkle's ghost
 13785 | D:7      | Identified the +7 trident of Wukipaej {vorpal, *Corrode
                  | Int+4 Dex+2}
 13900 | D:11     | Noticed a cyclops
 13910 | D:11     | Killed a cyclops
 13910 | D:11     | Noticed a cyclops
 14615 | D:11     | Killed a cyclops
 14671 | D:11     | Noticed Erica
 14686 | D:11     | Killed Erica
 14977 | D:11     | Noticed a fire dragon
 14988 | D:11     | Killed a fire dragon
 14989 | D:11     | Reached XP level 12. HP: 23/90 MP: 17/17
 15334 | D:11     | Reached skill level 15 in Polearms
 15408 | D:11     | Reached skill level 5 in Invocations
 15569 | Lair:1   | Entered Level 1 of the Lair of Beasts
 15577 | Lair:1   | Identified the +0 scale mail of Winter {rC++ SInv}
 16341 | Lair:1   | Reached *** piety under Hepliaklqana
 16374 | Lair:1   | Noticed a six-headed hydra
 16385 | Lair:1   | Killed a six-headed hydra
 16913 | Lair:1   | Noticed an eight-headed hydra
 16928 | Lair:1   | Killed an eight-headed hydra
 16929 | Lair:1   | Reached skill level 5 in Spellcasting
 17474 | Lair:2   | Reached XP level 13. HP: 90/98 MP: 20/20
 18952 | Lair:3   | Reached **** piety under Hepliaklqana
 19338 | Lair:3   | Reached skill level 16 in Polearms
 19409 | Lair:3   | Found a hole to the Spider Nest.
 20048 | Lair:4   | Found a staircase to the Shoals.
 20087 | Lair:4   | Reached skill level 5 in Armour
 21441 | Lair:5   | Noticed Nessos
 21926 | Orc:1    | Entered Level 1 of the Orcish Mines
 22047 | Orc:2    | Entered Level 2 of the Orcish Mines
 22047 | Orc:2    | Found a staircase to the Elven Halls.
 22047 | Orc:2    | Reached ***** piety under Hepliaklqana
 22139 | Orc:2    | Paralysed by an orc sorcerer for 3 turns
 22381 | Orc:2    | Reached XP level 14. HP: 108/108 MP: 23/23
 22567 | Orc:1    | Noticed Erolcha
 22573 | Orc:1    | Killed Erolcha
 22747 | Orc:2    | Paralysed by an orc sorcerer for 5 turns
 22751 | Orc:2    | Slain by a chaos spawn

Illustrated notes

Levels and vault maps discovered:
D:1:      lightli_arrival_statuegarden, layout_basic, minmay_box_of_dots
D:2:      layout_basic, lemuel_flame_loot_1
D:3:      layout_basic, chequers_serial_rivers_micro_d, uniq_jessica
D:4:      kennysheep_slugbush, layout_basic, lemuel_blue_sif_altar,
          minmay_temple_entry_overgrown, minmay_misc_feat_diagonals,
          uniq_edmund, uniq_sigmund
D:5:      layout_basic
D:6:      layout_loops_ring, minmay_overflow_temple_hex, gup_sewer_entry_pipe,
          ebering_dispersal_statue_hall, grunt_ministairs_5, minmay_holes,
          serial_park_tiny_1
D:7:      layout_loops_ring, gammafunk_ghost_hive, uniq_joseph, uniq_menkaure
D:8:      minmay_blocky_corners, layout_loops_ring, serial_rivers,
          chequers_serial_rivers_micro_d, chequers_serial_rivers_micro_d,
          chequers_serial_rivers_large_a, chequers_serial_rivers_small_3
D:9:      layout_loops_cross, orc_david_3
D:10:     layout_roguey, enter_trove_5, serial_shops, shop_statue
D:11:     minmay_wavy_crystal, layout_cave_pools, david_lair_generic,
          minivault_25, uniq_erica
D:12:     layout_long_grid, hangedman_abyss_or_decor_passed, vehumet_statue
Temple:   regret_index_temple_waves
Lair:1:   layout_gridlike, grunt_megastairs_2, serial_bayou_shore_b
Lair:2:   layout_loops_ring, disabler_island
Lair:3:   layout_concentric_octagons, spider_nest_entry_rubble
Lair:4:   layout_roguey, elwin_shoals_entry_stream,
          nicolae_volcano_entry_batcave, lemuel_fruit_tree
Lair:5:   layout_gridlike, grunt_megastairs_4, uniq_josephine, uniq_nessos
Orc:1:    minmay_goldmine, layout_diamond_mine, uniq_maurice, uniq_erolcha
Orc:2:    kennysheep_orc_mage_school, layout_caves, special_room

Skill      XL: |  1  2  3  4  5  6  7  8  9 10 11 12 13 |
---------------+----------------------------------------+-----
Polearms       | 5 6 8 9 11 13 14 15 16 | 16.0
Shields        | 1 2 3 4 |  4.0
Fighting       | 3 4 6 8 10 11 12 14 | 14.1
Dodging        | 5 6 7 9 10 11 12 13 | 13.2
Evocations     | 2 4 5 7 8 |  8.4
Invocations    | 2 4 6 7 |  7.9
Spellcasting   | 2 3 5 6 |  6.6
Armour         | 1 3 4 5 |  5.4
Throwing       | |  2.0

Action                   |  1- 3 |  4- 6 |  7- 9 | 10-12 | 13-15 || total
-------------------------+-------+-------+-------+-------+-------++-------
Melee: Trident           |   106 |   207 |   511 |   184 |    31 ||  1039
       Tailslap          |       |       |     2 |     2 |       ||     4
       Halberd           |       |       |       |   395 |   256 ||   651
       Glaive            |       |       |       |       |    34 ||    34
 Fire: Hunting sling     |       |       |       |     5 |    17 ||    22
Throw: Throwing net      |     1 |       |     6 |     1 |       ||     8
Invok: Recall Ancestor   |       |       |       |     3 |     1 ||     4
       Ancestor Life: Kn |       |       |       |     1 |       ||     1
Evoke: Wand              |       |       |       |     2 |       ||     2
       Condenser vane    |       |       |       |       |     1 ||     1
  Use: Scroll            |       |       |    11 |    12 |     2 ||    25
       Potion            |       |       |     3 |     4 |     1 ||     8
 Stab: Sleeping          |     3 |       |     1 |     3 |       ||     7
       Held in net/web   |     1 |       |     5 |       |     1 ||     7
       Distracted        |       |       |     1 |     8 |     6 ||    15
       Confused          |       |       |       |       |     3 ||     3
Armor: Leather armour    |    31 |    27 |    88 |    15 |       ||   161
       Skin              |       |       |    56 |       |       ||    56
       Steam dragon scal |       |       |       |    59 |       ||    59
       Scale mail        |       |       |       |    17 |    68 ||    85
Dodge: Dodged            |    42 |    71 |   255 |   251 |   140 ||   759
Block: Buckler           |    19 |    33 |    94 |    20 |       ||   166

Table legend: (Time is in decaauts)
 A = Elapsed time spent in this place.
 B = Non-inter-level travel time spent in this place.
 C = Inter-level travel time spent in this place.
 D = Time resting spent in this place.
 E = Time spent auto-exploring this place.
 F = Levels seen in this place.
 G = Mean time per level.
                   A        B        C        D        E       F      G
               +--------+--------+--------+--------+--------+-----+--------+
         Total |  22249 |  21138 |   1111 |   5893 |  11269 |  21 | 1059.5 |
       Dungeon |  14418 |  13604 |    814 |   3828 |   7345 |  12 | 1201.5 |
        Temple |    737 |    669 |     68 |    513 |     71 |   1 |  737.0 |
          Lair |   6155 |   5945 |    210 |   1409 |   3364 |   5 | 1231.0 |
  Orcish Mines |    804 |    786 |     18 |    143 |    446 |   2 |  402.0 |
         Sewer |    133 |    133 |      0 |      0 |     42 |   1 |  133.0 |
               +--------+--------+--------+--------+--------+-----+--------+

Top non-repeatable levels by time:
  Lair:1: 1921 daAuts
     D:7: 1794 daAuts
     D:6: 1763 daAuts
  Lair:4: 1746 daAuts
     D:4: 1579 daAuts
    D:10: 1555 daAuts
    D:11: 1436 daAuts
     D:3: 1347 daAuts
  Lair:2: 1259 daAuts
  Lair:3: 1205 daAuts
     D:1: 1163 daAuts
     D:2: 1071 daAuts
     D:8: 969 daAuts
     D:5: 928 daAuts
     D:9: 805 daAuts
